 Dungeon Crawl Stone Soup version 0.20.1-1-g8b1a95d (webtiles) character file.

50 FollowTheCloud the Caller (level 3, 0/27 HPs)
             Began as a Merfolk Summoner on Sept 7, 2017.
             Slain by an adder (4 damage)
             ... on level 2 of the Dungeon.
             The game lasted 00:03:25 (1897 turns).

FollowTheCloud the Caller (Merfolk Summoner)        Turns: 1897, Time: 00:03:26

Health: 0/27       AC:  2    Str:  8    XL:     3   Next: 79%
Magic:  12/15      EV: 13    Int: 15    God:
Gold:   72         SH:  0    Dex: 14    Spells: 3/6 levels left

rFire    . . .     SeeInvis .   k - +0 spear
rCold    . . .     Gourm    .   (no shield)
rNeg     . . .     Faith    .   a - +0 robe
rPois    .         Spirit   .   (no helmet)
rElec    .         Reflect  .   (no cloak)
rCorr    .         Harm     .   (no gloves)
MR       .....                  (no boots)
Stlth    ++........             (no amulet)
Regen    0.1/turn               e - ring of magical power (curse)
MPRegen  0.2/turn               (no ring)

@: lethally poisoned (0 -> -1)
A: change form in water, swift swim, stealthy swim
a: no special abilities


You were on level 2 of the Dungeon.
You were not hungry.

You visited 1 branch of the dungeon, and saw 2 of its levels.

You collected 72 gold pieces.

Inventory:

Hand Weapons
 k - a +0 spear (weapon)
Armour
 a - a +0 robe (worn)
Jewellery
 e - a cursed ring of magical power (left hand)
Scrolls
 d - a scroll of teleportation {unknown}
 f - a scroll of amnesia {unknown}
 g - a scroll of random uselessness {unknown}
 j - a scroll of identify {unknown}
Potions
 h - a potion of brilliance {unknown}
 i - a potion of agility {unknown}
Books
 b - a book of Callings

   Spells                             Type                      Level
   a - Summon Small Mammal            Summoning                    1
   b - Call Imp                       Summoning                    2
   c - Call Canine Familiar           Summoning                    3
   d - Summon Guardian Golem          Hexes/Summoning              3
   e - Summon Lightning Spire         Summoning/Air                4
   f - Summon Ice Beast               Ice/Summoning                4
Comestibles
 c - a bread ration
 l - a meat ration


   Skills:
 + Level 2.1 Fighting
 + Level 3.3 Dodging
 - Level 2.1 Stealth
 - Level 2.0 Spellcasting
 + Level 4.5 Summonings


You had 3 spell levels left.
You knew the following spells:

 Your Spells              Type           Power        Failure   Level  Hunger
a - Summon Small Mammal   Summ           ###.         3%          1    #......
b - Call Imp              Summ           ###.....     5%          2    ###....


Dungeon Overview and Level Annotations

Branches:
Dungeon (2/15)

Altars:
Xom


Message History

The adder closely misses your quokka.
Attack whom?
Press: ? - help, Dir - move target cursor, f/p - adder
Aim: an adder (heavily wounded)
You could not reach far enough!
You feel sick.
Your quokka barely misses the adder.
The adder closely misses your quokka.
Your quokka barely misses the adder.
The adder closely misses your quokka.
Attack whom?
Press: ? - help, Dir - move target cursor, f/p - adder
Aim: an adder (heavily wounded)
Okay, then.
Attack whom?
Press: ? - help, Dir - move target cursor, f/p - adder
Aim: an adder (heavily wounded)
You reach to attack!
You hit the adder.
The adder is severely wounded.
Your shadow imp misses the adder.
The adder bites your shadow imp.
Your quokka misses the adder.
Your crimson imp misses the adder.
The adder bites you.
You die...

#.# #..##.#
####'#####.##.#
#.).)...##....# #
#.......##(.#.#..#
#.......##(.......
######.#######(r#.#..#
#..⌠#≈⌠#≈≈.≈###S#.# .#
#≈≈⌠⌠.≈#.##.≈##5#.# #
.#.#..).≈....###@5#
.#≈.#..≈.#....##S.#
≈.≈≈#≈.≈≈##.⌠.##..#
.⌠..⌠.##...#...#.>.
.##...#.......##....
..≈..#≈#.#≈######.#..
.#.##≈.#..#..# ......
##^_.....#.≈## .##.##
############


You could see 2 adders, a friendly crimson imp, a friendly shadow imp and a
friendly quokka.

Vanquished Creatures
  An adder (D:2)
  2 dart slugs (D:1)
  2 goblins (D:2)
  2 hobgoblins
  A frilled lizard (D:2)
  A kobold (D:2)
  2 rats (D:1)
11 creatures vanquished.

Vanquished Creatures (collateral kills)
  Robin (D:2)
  A gnoll (D:2)
  An adder (D:2)
  A bat (D:1)
  7 goblins (D:2)
  4 hobgoblins
  3 kobolds
  5 rats
23 creatures vanquished.

Grand Total: 34 creatures vanquished

Notes
Turn   | Place    | Note
-------+----------+-------------------------------------------
     0 | D:1      | FollowTheCloud the Merfolk Summoner began the quest for the Orb.
     0 | D:1      | Reached XP level 1. HP: 13/13 MP: 3/3
   760 | D:1      | Reached XP level 2. HP: 10/20 MP: 3/5
   764 | D:1      | Learned a level 2 spell: Call Imp
   990 | D:1      | Reached skill level 1 in Fighting
  1442 | D:2      | Reached XP level 3. HP: 24/26 MP: 0/6
  1455 | D:2      | Found a shimmering altar of Xom.
  1604 | D:2      | Noticed Robin
  1610 | D:2      | Killed Robin
  1897 | D:2      | Slain by an adder

Skill      XL: |  1  2  3 |
---------------+----------+-----
Dodging        | 3 |  3.3
Fighting       | 1 2 |  2.1
Stealth        | |  2.1
Spellcasting   | |  2.0
Summonings     | |  4.5

Action                   || total
-------------------------++-------
Melee: Unarmed           ||    59
       Spear             ||    36
 Cast: Summon Small Mamm ||    17
       Call Imp          ||     9
  Eat: Chunk             ||     4
Armor: Robe              ||    13
Dodge: Dodged            ||    55
